AAA
FORT WAYNE HERONS @ ALLENTOWN A'S
08/17/2059
 
TOP OF THE 1ST
Fort Wayne Herons batting - Pitching for Allentown A's : RHP Dylon Jenkins
Pitching: RHP Dylon Jenkins
Batting: LHB Ethan DeBoer 0-0: Ground out 4-3 (Groundball, 4, EV 86.9 MPH)
Batting: RHB Isiah Mahoney 0-0: Ball
1-0: Ball
2-0: Called Strike
2-1: Ball
3-1: Swinging Strike
3-2: Foul Ball, location: 2F
3-2: Base on Balls
Batting: LHB Ozzie Huang 0-0: Ball
1-0: Foul Ball, location: 2F
1-1: Ball
2-1: Called Strike
2-2: Foul Ball, location: 2F
2-2: Foul Ball, location: 2F
2-2: Foul Ball, location: 2F
2-2: Strikes out looking
Batting: RHB Zachariah White 0-0: Called Strike
0-1: Ball
1-1: Called Strike
1-2: Strikes out swinging, 2-3 out at first.
Top of the 1st over - 0 runs, 0 hits, 0 errors, 1 left on base; Fort Wayne 0 - Allentown 0
BOTTOM OF THE 1ST
Allentown A's batting - Pitching for Fort Wayne Herons : LHP Dontell Maricic
Pitching: LHP Dontell Maricic
Batting: RHB Fraser Bishop 0-0: Ball
1-0: Ball
2-0: Ball
3-0: Called Strike
3-1: Ground out 5-3 (Groundball, 5L, EV 94.4 MPH)
Batting: RHB Tracy Wick 0-0: Fly out, F6 (Popup, 6D, EV 67.5 MPH)
Batting: RHB Allan Jett 0-0: Called Strike
0-1: Ball
1-1: Ball
2-1: Ball
3-1: DOUBLE (Line Drive, 89D, EV 105.0 MPH)
Batting: RHB Logan Barbee 0-0: Called Strike
0-1: Fly out, F5 (Popup, 56S, EV 68.1 MPH)
Bottom of the 1st over - 0 runs, 1 hit, 0 errors, 1 left on base; Fort Wayne 0 - Allentown 0
TOP OF THE 2ND
Fort Wayne Herons batting - Pitching for Allentown A's : RHP Dylon Jenkins
Batting: SHB Danny Whitlock 0-0: Ground out U3 (Groundball, 3, EV 107.5 MPH)
Batting: RHB Mackey Tapia 0-0: Called Strike
0-1: Ball
1-1: Called Strike
1-2: Ball
2-2: Ball
3-2: Base on Balls
Batting: RHB Alden Lane 0-0: Ball
1-0: Foul Ball, location: 2F
1-1: Called Strike
Mackey Tapia steals 2nd base
1-2: Ball
2-2: Ground out 5-3 (Groundball, 56S, EV 58.1 MPH)
Mackey Tapia to third
Batting: RHB Hayden Cooper 0-0: Called Strike
0-1: Ball
1-1: Called Strike
1-2: Ground out 5-3 (Groundball, 5, EV 100.6 MPH)
Top of the 2nd over - 0 runs, 0 hits, 0 errors, 1 left on base; Fort Wayne 0 - Allentown 0
BOTTOM OF THE 2ND
Allentown A's batting - Pitching for Fort Wayne Herons : LHP Dontell Maricic
Batting: LHB Zac Arellanes 0-0: Foul Ball, location: 2F
0-1: Ball
1-1: SINGLE (Line Drive, 78S, EV 98.1 MPH)
Batting: RHB Ian Seefeldt 0-0: Swinging Strike
0-1: Ball
1-1: Ground out 6-3 (Groundball, 6S, EV 71.9 MPH)
Zac Arellanes to second
Batting: SHB Gage Wilson 0-0: Called Strike
0-1: Called Strike
0-2: Ball
1-2: Ball
2-2: Reached on error, E5 (Groundball, 56S, EV 78.8 MPH)
Zac Arellanes to third
Batting: RHB David McCullough 0-0: Called Strike
0-1: Called Strike
0-2: Strikes out looking
Batting: RHB Edward Hagen 0-0: Ball
1-0: Ball
2-0: Called Strike
2-1: Foul Ball, location: 2F
2-2: Strikes out swinging
Bottom of the 2nd over - 0 runs, 1 hit, 1 error, 2 left on base; Fort Wayne 0 - Allentown 0
TOP OF THE 3RD
Fort Wayne Herons batting - Pitching for Allentown A's : RHP Dylon Jenkins
Batting: RHB Cristian Osborne 0-0: Ball
1-0: Ball
2-0: Ball
3-0: Base on Balls
Batting: LHB Ethan DeBoer 0-0: Ball
1-0: Ball
2-0: Swinging Strike
2-1: Called Strike
Cristian Osborne steals 2nd base
2-2: Strikes out swinging
Batting: RHB Isiah Mahoney 0-0: Ball
1-0: Fly out, F8 (Flyball, 78M, EV 78.8 MPH)
Batting: LHB Ozzie Huang 0-0: Ball
1-0: Ball
2-0: Ball
3-0: Called Strike
3-1: Ground out U3 (Groundball, 3, EV 80.6 MPH)
Top of the 3rd over - 0 runs, 0 hits, 0 errors, 1 left on base; Fort Wayne 0 - Allentown 0
BOTTOM OF THE 3RD
Allentown A's batting - Pitching for Fort Wayne Herons : LHP Dontell Maricic
Batting: RHB Fraser Bishop 0-0: Ball
1-0: Ball
2-0: Ball
3-0: Called Strike
3-1: Base on Balls
Batting: RHB Tracy Wick 0-0: Ball
1-0: Ball
2-0: Ball
3-0: Base on Balls
Fraser Bishop to second
Batting: RHB Allan Jett 0-0: Ball
1-0: Ball
2-0: Ball
3-0: Base on Balls
Fraser Bishop to third
Tracy Wick to second
Batting: RHB Logan Barbee 0-0: Grounds into double play, 5-4-3 (Groundball, 56D, EV 88.8 MPH)
Fraser Bishop scores
Tracy Wick to third
Batting: LHB Zac Arellanes 0-0: Ball
1-0: Swinging Strike
1-1: Swinging Strike
1-2: Ball
2-2: Strikes out swinging
Bottom of the 3rd over - 1 run, 0 hits, 0 errors, 1 left on base; Fort Wayne 0 - Allentown 1
TOP OF THE 4TH
Fort Wayne Herons batting - Pitching for Allentown A's : RHP Dylon Jenkins
Batting: RHB Zachariah White 0-0: Ball
1-0: Ball
2-0: SINGLE (Line Drive, 34D, EV 98.1 MPH)
Batting: SHB Danny Whitlock 0-0: Foul Ball, location: 2F
0-1: Foul Ball, location: 2F
0-2: Fly out, F9 (Line Drive, 89M, EV 93.8 MPH)
Batting: RHB Mackey Tapia 0-0: Called Strike
0-1: Ball
1-1: Ball
2-1: Ball
3-1: Fly out, F7 (Flyball, 7LM, EV 88.8 MPH)
Batting: RHB Alden Lane 0-0: Ball
1-0: Called Strike
1-1: Foul Ball, location: 2F
1-2: Ball
2-2: Strikes out swinging
Top of the 4th over - 0 runs, 1 hit, 0 errors, 1 left on base; Fort Wayne 0 - Allentown 1
BOTTOM OF THE 4TH
Allentown A's batting - Pitching for Fort Wayne Herons : LHP Dontell Maricic
Batting: RHB Ian Seefeldt 0-0: Foul Ball, location: 2F
0-1: Ball
1-1: Ground out 5-3 (Groundball, 5S, EV 87.5 MPH)
Batting: SHB Gage Wilson 0-0: Called Strike
0-1: Ball
1-1: Fly out, F5 (Popup, 56S, EV 83.1 MPH)
Batting: RHB David McCullough 0-0: Swinging Strike
0-1: Foul Ball, location: 2F
0-2: Ball
1-2: Foul Ball, location: 2F
1-2: Ball
2-2: Ball
3-2: Foul Ball, location: 2F
3-2: Base on Balls
Batting: RHB Edward Hagen 0-0: Called Strike
0-1: Ball
1-1: Foul Ball, location: 2F
1-2: Foul Ball, location: 2F
1-2: Ball
2-2: Foul Ball, location: 2F
2-2: SINGLE (Groundball, 4MD, EV 109.4 MPH)
David McCullough to second
Runner from 2nd tries for 3rd, SAFE, no throw by CF
Batting: RHB Fraser Bishop 0-0: Foul Ball, location: 2F
0-1: DOUBLE (Line Drive, 89M, EV 103.1 MPH)
David McCullough scores
Edward Hagen to third
Runner from 3rd tries for Home, SAFE, throw by CF to trailing runner, SAFE at third!
Batting: RHB Tracy Wick 0-0: Ball
1-0: Ball
2-0: SINGLE (Groundball, 56S, EV 63.8 MPH) (infield hit)
Fraser Bishop scores
Batting: RHB Allan Jett 0-0: Ball
1-0: Ball
2-0: Ball
3-0: Called Strike
3-1: SINGLE (Line Drive, 4MD, EV 95.0 MPH)
Tracy Wick to second
Runner from 2nd tries for 3rd, OUT! 8-5
Bottom of the 4th over - 3 runs, 4 hits, 0 errors, 1 left on base; Fort Wayne 0 - Allentown 4
TOP OF THE 5TH
Fort Wayne Herons batting - Pitching for Allentown A's : RHP Dylon Jenkins
Batting: RHB Hayden Cooper 0-0: Ball
1-0: Called Strike
1-1: Ball
2-1: Ground out 6-3 (Groundball, 6, EV 82.5 MPH)
Batting: RHB Cristian Osborne 0-0: Ball
1-0: Swinging Strike
1-1: Foul Ball, location: 2F
1-2: Strikes out swinging
Batting: LHB Ethan DeBoer 0-0: Swinging Strike
0-1: Swinging Strike
0-2: Strikes out swinging
Top of the 5th over - 0 runs, 0 hits, 0 errors, 0 left on base; Fort Wayne 0 - Allentown 4
BOTTOM OF THE 5TH
Allentown A's batting - Pitching for Fort Wayne Herons : LHP Dontell Maricic
Batting: RHB Logan Barbee 0-0: Swinging Strike
0-1: Swinging Strike
0-2: Ball
1-2: Ball
2-2: Ball
3-2: Foul Ball, location: 2F
3-2: Strikes out swinging
Batting: LHB Zac Arellanes 0-0: Ball
1-0: Called Strike
1-1: Called Strike
1-2: Foul Ball, location: 2F
1-2: Ball
2-2: Strikes out swinging
Batting: RHB Ian Seefeldt 0-0: Ball
1-0: Swinging Strike
1-1: Foul Ball, location: 2F
1-2: Foul Ball, location: 2F
1-2: Foul Ball, location: 2F
1-2: Ball
2-2: Ball
3-2: Ground out 5-3 (Groundball, 56S, EV 63.8 MPH)
Bottom of the 5th over - 0 runs, 0 hits, 0 errors, 0 left on base; Fort Wayne 0 - Allentown 4
TOP OF THE 6TH
Fort Wayne Herons batting - Pitching for Allentown A's : RHP Dylon Jenkins
Pitching: RHP Torin Martinez
Batting: RHB Isiah Mahoney 0-0: Fly out, F8 (Line Drive, 78M, EV 98.8 MPH)
Batting: LHB Ozzie Huang 0-0: Foul Ball, location: 2F
0-1: Ball
1-1: Fly out, F5 (Popup, 5S, EV 84.4 MPH)
Batting: RHB Zachariah White 0-0: Called Strike
0-1: Called Strike
0-2: SINGLE (Line Drive, 56D, EV 104.4 MPH)
Batting: SHB Danny Whitlock 0-0: Called Strike
0-1: Called Strike
0-2: Strikes out looking
Top of the 6th over - 0 runs, 1 hit, 0 errors, 1 left on base; Fort Wayne 0 - Allentown 4
BOTTOM OF THE 6TH
Allentown A's batting - Pitching for Fort Wayne Herons : LHP Dontell Maricic
Pitching: RHP Braiden Raven
Batting: SHB Gage Wilson 0-0: Ball
1-0: Ball
2-0: Ball
3-0: Base on Balls
Batting: RHB David McCullough 0-0: Ball
1-0: Called Strike
1-1: Ball
2-1: Ball
3-1: Ball
Gage Wilson to second
Batting: RHB Edward Hagen 0-0: Ball
1-0: Called Strike
1-1: Ball
2-1: Bunted foul
2-2: DOUBLE (Line Drive, 89D, EV 108.1 MPH)
Gage Wilson scores
David McCullough to third
Runner from 3rd tries for Home, SAFE, throw by RF to home
Batting: RHB Fraser Bishop 0-0: Called Strike
0-1: Called Strike
0-2: Fly out, F7 (Line Drive, 78M, EV 96.2 MPH)
Batting: RHB Tracy Wick 0-0: Called Strike
0-1: Foul Ball, location: 2F
0-2: SINGLE (Flyball, 6D, EV 88.1 MPH)
Edward Hagen to third
Batting: RHB Allan Jett 0-0: Fly out, F9 (Flyball, 9D, EV 92.5 MPH)
Runner from 3rd tags up, OUT at HOME! 9-2
Bottom of the 6th over - 2 runs, 2 hits, 0 errors, 1 left on base; Fort Wayne 0 - Allentown 6
TOP OF THE 7TH
Fort Wayne Herons batting - Pitching for Allentown A's : RHP Torin Martinez
Batting: RHB Mackey Tapia 0-0: Ball
1-0: Foul Ball, location: 2F
1-1: Ball
2-1: SINGLE (Groundball, 4S, EV 68.8 MPH) (infield hit)
Batting: RHB Alden Lane 0-0: Foul Ball, location: 2F
0-1: Swinging Strike
0-2: Foul Ball, location: 2F
0-2: Ball
1-2: Fly out, F8 (Flyball, 78M, EV 84.4 MPH)
Batting: RHB Hayden Cooper 0-0: Called Strike
Mackey Tapia steals 2nd base
0-1: Fly out, F9 (Flyball, 9D, EV 86.2 MPH)
Runner from 2nd tags up, SAFE at 3rd, no throw by RF
Batting: RHB Cristian Osborne 0-0: Swinging Strike
0-1: Foul Ball, location: 2F
0-2: Ball
1-2: Strikes out looking
Top of the 7th over - 0 runs, 1 hit, 0 errors, 1 left on base; Fort Wayne 0 - Allentown 6
BOTTOM OF THE 7TH
Allentown A's batting - Pitching for Fort Wayne Herons : RHP Braiden Raven
Batting: RHB Logan Barbee 0-0: DOUBLE (Line Drive, 78D, EV 108.1 MPH)
Batting: LHB Zac Arellanes 0-0: Called Strike
0-1: Ball
1-1: Called Strike
1-2: Reached on error, E6 (Groundball, 6, EV 80.0 MPH)
Logan Barbee to third
Batting: RHB Ian Seefeldt 0-0: Foul Ball, location: 2F
0-1: Swinging Strike
0-2: Ball
1-2: Foul Ball, location: 2F
1-2: Strikes out swinging
Batting: SHB Gage Wilson 0-0: Ball
1-0: Fly out, F9 (Line Drive, 89M, EV 91.9 MPH)
Batting: RHB David McCullough 0-0: Foul Ball, location: 2F
0-1: Ball
1-1: Ball
2-1: Ball
3-1: Called Strike
3-2: Foul Ball, location: 2F
3-2: Strikes out looking
Bottom of the 7th over - 0 runs, 1 hit, 1 error, 2 left on base; Fort Wayne 0 - Allentown 6
TOP OF THE 8TH
Fort Wayne Herons batting - Pitching for Allentown A's : RHP Torin Martinez
Batting: LHB Ethan DeBoer 0-0: Called Strike
0-1: Foul Ball, location: 2F
0-2: Ball
1-2: Ball
2-2: SINGLE (Line Drive, 7LS, EV 95.6 MPH)
Batting: RHB Isiah Mahoney Pickoff Throw to First - Out! 1-3 CS
0-0: Ball
1-0: Called Strike
1-1: DOUBLE (Line Drive, 7LM, EV 115.6 MPH)
Pitching: LHP Dakarai Johnson
Batting: LHB Ozzie Huang 0-0: Called Strike
0-1: Ball
1-1: Swinging Strike
1-2: Ground out 4-3 (Groundball, 4, EV 108.1 MPH)
Isiah Mahoney to third
Batting: RHB Zachariah White 0-0: Called Strike
0-1: Ball
1-1: Foul Ball, location: 2F
1-2: Ball
2-2: Strikes out looking
Top of the 8th over - 0 runs, 2 hits, 0 errors, 1 left on base; Fort Wayne 0 - Allentown 6
BOTTOM OF THE 8TH
Allentown A's batting - Pitching for Fort Wayne Herons : RHP Braiden Raven
Batting: RHB Edward Hagen 0-0: Ball
1-0: Foul Ball, location: 2F
1-1: Foul Ball, location: 2F
1-2: Strikes out swinging
Batting: RHB Fraser Bishop 0-0: Called Strike
0-1: Called Strike
0-2: Strikes out looking
Batting: RHB Tracy Wick 0-0: Ball
1-0: Foul Ball, location: 2F
1-1: Ball
2-1: Ball
3-1: Base on Balls
Batting: RHB Allan Jett 0-0: Ball
1-0: Foul Ball, location: 2F
1-1: Fly out, F8 (Flyball, 8LD, EV 80.6 MPH)
Bottom of the 8th over - 0 runs, 0 hits, 0 errors, 1 left on base; Fort Wayne 0 - Allentown 6
TOP OF THE 9TH
Fort Wayne Herons batting - Pitching for Allentown A's : LHP Dakarai Johnson
Batting: SHB Danny Whitlock 0-0: Swinging Strike
0-1: Fly out, F5 (Popup, 6S, EV 78.8 MPH)
Batting: RHB Mackey Tapia 0-0: Called Strike
0-1: Swinging Strike
0-2: SINGLE (Groundball, 6M, EV 106.9 MPH) (infield hit)
Batting: RHB Alden Lane 0-0: Called Strike
0-1: Ball
1-1: Foul Ball, location: 2F
1-2: Strikes out swinging
Batting: RHB Hayden Cooper Balk!
Mackey Tapia to second
0-0: Foul Ball, location: 2F
0-1: Ball
1-1: TRIPLE (Flyball, 9LD, EV 90.0 MPH)
Mackey Tapia scores
Batting: RHB Cristian Osborne 0-0: SINGLE (Groundball, 56D, EV 95.0 MPH)
Hayden Cooper scores
Batting: LHB Ethan DeBoer 0-0: Swinging Strike
0-1: Ball
1-1: Swinging Strike
1-2: Ball
2-2: Foul Ball, location: 2F
2-2: Foul Ball, location: 2F
2-2: Ball
3-2: Strikes out swinging
Top of the 9th over - 2 runs, 3 hits, 0 errors, 1 left on base; Fort Wayne 2 - Allentown 6
Saturday, March 23rd , 2024 - OOTP Baseball 23.10 Build 110